 Dungeon Crawl Stone Soup version 0.23.1-37-gaa34b87b72 (webtiles) character file.

Game seed: 2657815039067755675

212 MisterOstroum the Poker (level 5, -2/38 HPs)
             Began as a Merfolk Skald on Mar 25, 2019.
             Killed by divine providence
             ... invoked by an orc priest
              (9 damage)
             ... on level 4 of the Dungeon.
             The game lasted 00:12:34 (3395 turns).

MisterOstroum the Poker (Merfolk Skald)             Turns: 3395, Time: 00:12:35

Health: -2/38      AC:  5    Str: 12    XL:     5   Next: 89%
Magic:  9/9        EV: 12    Int: 13    God:
Gold:   175        SH:  0    Dex: 13    Spells: 1/10 levels left

rFire    . . .     SeeInvis .   a - +0 spear
rCold    . . .     Gourm    .   (no shield)
rNeg     . . .     Faith    .   b - +0 leather armour
rPois    .         Spirit   .   (no helmet)
rElec    .         Reflect  .   g - +0 cloak
rCorr    .         Harm     .   o - +0 pair of gloves (curse)
MR       .....                  (no boots)
Stlth    +.........             (no amulet)
HPRegen  0.12/turn              (no ring)
MPRegen  0.11/turn              (no ring)

@: drained
A: change form in water, swift swim, stealthy swim
a: no special abilities


You were on level 4 of the Dungeon.
You were very hungry.

You visited 1 branch of the dungeon, and saw 4 of its levels.

You collected 175 gold pieces.

Inventory:

Hand Weapons
 a - a +0 spear (weapon)
 d - a +2 hunting sling of freezing
Missiles
 c - 194 stones (quivered)
 r - 3 javelins
Armour
 b - a +0 leather armour (worn)
 g - a +0 cloak (worn)
 o - a cursed +0 pair of gloves (worn)
Jewellery
 n - an uncursed ring of ice
Wands
 v - a wand of polymorph (13)
Scrolls
 f - a scroll of remove curse {unknown}
 j - a scroll of fog {unknown}
 l - 3 scrolls of teleportation {unknown}
 m - 2 scrolls of identify
 p - a scroll of magic mapping {unknown}
 q - a scroll of enchant weapon {unknown}
 u - a scroll of immolation {unknown}
Potions
 h - a potion of heal wounds {unknown}
 i - 2 potions of curing {unknown}
 k - 3 potions of degeneration {unknown}
 s - a potion of flight {unknown}
 t - a potion of berserk rage {unknown}
Comestibles
 e - 9 rations


   Skills:
 - Level 2.1(1.6) Fighting
 * Level 6.4(5.7) Polearms
 - Level 0.1(0.0) Slings
 - Level 0.6(0.0) Armour
 - Level 2.6(2.1) Dodging
 + Level 3.1(2.5) Spellcasting
 + Level 4.4(3.8) Charms


You had one spell level left.
You knew the following spells:

 Your Spells              Type           Power        Failure   Level  Hunger
a - Infusion              Chrm           ##..         6%          1    #......
b - Song of Slaying       Chrm           ##......     10%         2    ###....
c - Spectral Weapon       Hex/Chrm       #.......     38%         3    ###....
d - Regeneration          Chrm/Necr      #.........   38%         3    ###....

Your spell library contained the following spells:

 Spells                   Type           Power        Failure   Level  Hunger
 Shroud of Golubria       Chrm/Tloc      #.........   21%         2    ###....


Dungeon Overview and Level Annotations

Branches:
Dungeon (4/15)             Temple (0/1) D:4

Altars:
Makhleb
Qazlal
Vehumet
The Shining One


Message History

You hit the orc priest but do no damage.
The orc priest is moderately wounded.
The orc priest hits you with a +0 falchion of draining.
You feel drained.
You completely miss the orc priest.
The orc priest is moderately wounded.
You hit the orc priest.
The orc priest is severely wounded.
The orc priest hits you with a +0 falchion of draining!
You feel drained.
You closely miss the orc priest.
The orc priest is severely wounded.
The orc priest calls down the wrath of Beogh upon you.
Beogh smites you!
* * * LOW HITPOINT WARNING * * *
You hit the orc priest but do no damage.
The orc priest is severely wounded.
The orc priest invokes the aid of Beogh against you.
Beogh smites you!
You die...

....⌠......
..........#
..⌠.>.⌠...###.#
....o........
....⌠.....#
..........#
......#.#.# #.+#+
#.#.### #.o@..###
#..PP.PP#.#
.#.##.#..♣PP..#
........P.♣P..#
#..##.##..P♣ ..
.... #....PP♣P .
#.#..######.PP♣♣
#........##.P..♣♣.
#...............P.#


You could see an orc priest.

Vanquished Creatures
  A hound (D:2)
  A worker ant (D:4)
  A hound skeleton (D:3)
  7 adders
  An ooze (D:1)
  A worm (D:2)
  A dart slug (D:2)
  3 leopard geckos
  2 orcs
  3 giant cockroaches
  12 goblins
  11 hobgoblins
  4 jackals (D:1)
  A quokka (D:4)
  7 bats
  4 frilled lizards
  4 kobolds
  9 rats
73 creatures vanquished.

Notes
Turn   | Place    | Note
-------+----------+-------------------------------------------
     0 | D:1      | MisterOstroum the Merfolk Skald began the quest for the
                  | Orb.
     0 | D:1      | Reached XP level 1. HP: 16/16 MP: 3/3
   126 | D:1      | Reached XP level 2. HP: 20/22 MP: 5/5
   391 | D:1      | Reached skill level 4 in Polearms
   645 | D:1      | Reached XP level 3. HP: 27/27 MP: 6/6
   656 | D:1      | Learned a level 2 spell: Song of Slaying
   660 | D:1      | Learned a level 3 spell: Spectral Weapon
  1294 | D:2      | Found a burning altar of Makhleb.
  1305 | D:2      | Reached skill level 5 in Polearms
  1305 | D:2      | Reached XP level 4. HP: 8/33 MP: 3/7
  2324 | D:3      | Found a radiant altar of Vehumet.
  2324 | D:3      | Found a stormy altar of Qazlal.
  2332 | D:3      | Reached XP level 5. HP: 29/38 MP: 4/9
  2448 | D:3      | Found a glowing golden altar of the Shining One.
  2939 | D:3      | Reached skill level 6 in Polearms
  3201 | D:3      | Learned a level 3 spell: Regeneration
  3375 | D:4      | Found a staircase to the Ecumenical Temple.
  3395 | D:4      | Killed from afar by an orc priest

Skill      XL: |  1  2  3  4  5 |
---------------+----------------+-----
Polearms       | 4 5 6 |  6.4
Charms         | 4 |  4.4
Spellcasting   | 3 |  3.1
Fighting       | |  2.1
Slings         | |  0.1
Armour         | |  0.6
Dodging        | |  2.6

Action                   |  1- 3 |  4- 6 || total
-------------------------+-------+-------++-------
Melee: Spear             |   131 |   192 ||   323
Throw: Stone             |    37 |    20 ||    57
 Cast: Infusion          |     1 |     6 ||     7
       Spectral Weapon   |     1 |     1 ||     2
  Use: Scroll            |       |     2 ||     2
 Stab: Sleeping          |       |     1 ||     1
  Eat: Chunk             |     1 |     6 ||     7
Armor: Leather armour    |    30 |    36 ||    66
Dodge: Dodged            |    90 |    58 ||   148
